 Dungeon Crawl Stone Soup version 0.24.0-1-gfbc8707122 (webtiles) character file.

Game seed: 12731222855196821140, levelgen mode: deterministic

152 zed the Caller (level 5, -7/30 HPs)
             Began as a Tengu Summoner on Oct 27, 2019.
             Mangled by aonetuhc's ghost (15 damage)
             ... on level 3 of the Dungeon.
             The game lasted 00:33:28 (3958 turns).

zed the Caller (Tengu Summoner)                     Turns: 3958, Time: 00:33:29

Health: -7/30      AC:  4    Str:  8    XL:     5   Next: 34%
Magic:  10/10      EV: 13    Int: 16    God:
Gold:   96         SH:  0    Dex: 15    Spells: 3/9 levels left

rFire    . . .     SeeInvis .   z - +2 morningstar (protect)
rCold    . . .     Gourm    .   (no shield)
rNeg     . . .     Faith    .   i - +0 robe
rPois    .         Spirit   .   (helmet restricted)
rElec    .         Reflect  .   j - +1 cloak
rCorr    .         Harm     .   (no gloves)
MR       .....                  (boots unavailable)
Stlth    +++.......             B - amulet of magic regeneration
HPRegen  0.10/turn              g - ring of stealth
MPRegen  0.37/turn              p - ring of wizardry

@: no status effects
A: beak, talons 3, able to fly
a: Fly


You were on level 3 of the Dungeon.
You were hungry.

You visited 1 branch of the dungeon, and saw 3 of its levels.

You collected 96 gold pieces.

Inventory:

Hand Weapons
 b - a +0 dagger
 e - a +0 short sword
 h - a +0 short sword
 k - a +0 spear
 l - a +0 falchion
 n - a +0 trident
 o - a +0 dagger
 z - a +2 morningstar of protection (weapon)
Missiles
 f - 15 boomerangs (quivered)
Armour
 a - a +0 robe
 i - a +0 robe (worn)
 j - a +1 cloak (worn)
 q - a +0 ring mail
 t - a +0 leather armour
 v - a +0 leather armour
 x - a +0 cloak
Jewellery
 g - a ring of stealth (left hand)
 p - a ring of wizardry (right hand)
 A - an uncursed amulet of faith
 B - an amulet of magic regeneration (around neck)
Scrolls
 r - a scroll of identify
 y - a scroll of remove curse
Potions
 d - 2 potions of degeneration {unknown}
 m - a potion of heal wounds {unknown}
 u - a potion of magic {unknown}
 w - a potion of berserk rage {unknown}
Comestibles
 c - 5 rations
 C - a chunk of flesh


   Skills:
 + Level 1.7 Fighting
 + Level 1.8 Short Blades
 + Level 3.0 Dodging
 + Level 2.9 Stealth
 + Level 2.6 Spellcasting
 + Level 5.5 Summonings


You had 3 spell levels left.
You knew the following spells:

 Your Spells              Type           Power        Failure   Level  Hunger
a - Summon Small Mammal   Summ           ###.         1%          1    #......
b - Call Imp              Summ           ###.....     1%          2    ##.....
c - Call Canine Familiar  Summ           ###.....     2%          3    ###....

Your spell library contained the following spells:

 Spells                   Type           Power        Failure   Level  Hunger
 Summon Guardian Golem    Hex/Summ       ##......     8%          3    ###....
 Summon Ice Beast         Ice/Summ       ##......     24%         4    #####..
 Summon Lightning Spire   Summ/Air       ##......     24%         4    #####..


Dungeon Overview and Level Annotations

Branches:
Dungeon (3/15)

Altars:
Nemelex Xobeh
Qazlal
Trog
Uskayaw
Zin

Annotations:
D:3 aonetuhc's ghost, amateur HOFi


Innate Abilities, Weirdness & Mutations

You have a beak for a mouth.
You have claws for feet.
You can fly continuously.


Message History

Your crimson imp blinks!
Your shadow imp disappears in a puff of smoke!
Your crimson imp blinks!
Your crimson imp hits aonetuhc's ghost.
Your crimson imp hits aonetuhc's ghost but does no damage.
Things that are here:
a +0 club; an adder skeleton Aonetuhc's ghost mumbles, "They all look like pillowcases to me..."
Your crimson imp hits aonetuhc's ghost but does no damage. x2
Your crimson imp blinks!
Aonetuhc's ghost hits you.
* * * LOW HITPOINT WARNING * * *
Your crimson imp blinks!
Casting: Call Imp (safe; 1% risk of failure)
Confirm with . or Enter, or press ? or * to list all spells.
Okay, then.
As you read the scroll of fog, it crumbles to dust.
The scroll dissolves into smoke.
Aonetuhc's ghost hits you!
Ouch! That really hurt!
You die...

#5# #..........# #.># #.# #.
#.# #......##### #### #.# #.
#.####......######### #.# #.
#....'..............# #.# #.
######..............# #.####.
#...5..........## #......
####.............########.....
#......)..§.§§§..†≈≈≈≈)≈#.....
#......##..5W@§..########..<..
#......##..5§§§...###...(...(#
#......##.........# #.........
#......##.........# #........#
#......############ ##########
#......# #......# ########


You could see aonetuhc's ghost, a friendly iron imp and 2 friendly crimson imps.

Vanquished Creatures
  An orc wizard (D:3)
  2 gnolls (D:2)
  An adder (D:2)
  A worm (D:3)
  2 dart slugs (D:1)
  A leopard gecko (D:1)
  2 orcs (D:3)
  4 giant cockroaches
  5 goblins
  3 hobgoblins
  2 jackals (D:2)
  3 quokkas
  6 bats
  4 kobolds
  4 rats (D:1)
41 creatures vanquished.

Vanquished Creatures (collateral kills)
  An orc wizard (D:3)
  2 gnolls (D:2)
  4 adders
  A worm (D:2)
  A dart slug (D:3)
  6 orcs (D:3)
  A bat (D:1)
  A giant cockroach (D:2)
  2 goblins
  A hobgoblin (D:1)
  A ball python (D:1)
  A frilled lizard (D:3)
  2 kobolds (D:1)
24 creatures vanquished.

Grand Total: 65 creatures vanquished

Notes
Turn   | Place    | Note
-------+----------+-------------------------------------------
     0 | D:1      | zed the Tengu Summoner began the quest for the Orb.
     0 | D:1      | Reached XP level 1. HP: 10/10 MP: 4/4
    61 | D:1      | Reached skill level 5 in Summonings
    91 | D:1      | Reached XP level 2. HP: 15/15 MP: 4/6
   713 | D:2      | Reached XP level 3. HP: 5/20 MP: 2/7
  1026 | D:2      | Learned a level 2 spell: Call Imp
  1030 | D:2      | Learned a level 3 spell: Call Canine Familiar
  1192 | D:2      | Reached skill level 1 in Short Blades
  1207 | D:2      | Reached skill level 1 in Fighting
  1262 | D:2      | Reached XP level 4. HP: 19/25 MP: 4/8
  1562 | D:2      | Found a bloodstained altar of Trog.
  1563 | D:2      | Found a glowing silver altar of Zin.
  1563 | D:2      | Found a stormy altar of Qazlal.
  1683 | D:2      | Found a sparkling altar of Nemelex Xobeh.
  1683 | D:2      | Found a hide-covered altar of Uskayaw.
  3165 | D:3      | Gained mutation: You can fly continuously. [Tengu growth]
  3165 | D:3      | Reached XP level 5. HP: 6/29 MP: 2/9
  3762 | D:3      | Found a runed translucent door.
  3765 | D:3      | Noticed aonetuhc's ghost (amateur HOFi)
  3958 | D:3      | Mangled by aonetuhc's ghost

Levels and vault maps discovered:
D:1:      mrwooster_arrival_statue, layout_basic
D:2:      layout_loops_ring, gammafunk_temple_overflow_forgotten,
          gammafunk_temple_overflow_statue, first_ration, grunt_ministairs_14,
          moated_statue, minivault_14
D:3:      layout_basic, ebering_ghost_sewer_d, eino_tiny_chamber

Skill      XL: |  1  2  3  4 |
---------------+-------------+-----
Summonings     | 5 |  5.5
Short Blades   | 1 |  1.8
Fighting       | 1 |  1.7
Dodging        | 3 |  3.0
Stealth        | |  2.9
Spellcasting   | |  2.6

Action                   |  1- 3 |  4- 6 || total
-------------------------+-------+-------++-------
Melee: Dagger            |    61 |    45 ||   106
       Kick              |    11 |    17 ||    28
       Peck              |     6 |    11 ||    17
       Trident           |       |    10 ||    10
       Spear             |       |     9 ||     9
       Morningstar       |       |    10 ||    10
 Cast: Summon Small Mamm |    21 |       ||    21
       Call Canine Famil |     2 |    11 ||    13
       Call Imp          |     1 |    19 ||    20
  Use: Scroll            |     3 |     4 ||     7
       Potion            |     1 |     1 ||     2
 Stab: Sleeping          |     5 |     7 ||    12
       Distracted        |     1 |     1 ||     2
  Eat: Chunk             |     2 |     6 ||     8
       Ration            |       |     1 ||     1
Armor: Robe              |    10 |    22 ||    32
Dodge: Dodged            |    49 |    76 ||   125
